 Dungeon Crawl Stone Soup version 0.18.1-48-g4cf74bf (webtiles) character file.

50 Melfield the Skirmisher (level 3, -1/33 HPs)
             Began as a Draconian Berserker on Aug 11, 2016.
             Slain by an adder (2 damage)
             ... on level 3 of the Dungeon.
             The game lasted 00:04:57 (2100 turns).

Melfield the Skirmisher (Draconian Berserker)       Turns: 2100, Time: 00:04:57

Health: -1/33      AC:  5    Str: 19    XL:     3   Next: 55%
Magic:  3/3        EV: 13    Int:  7    God:
Gold:   36         SH:  0    Dex: 11    Spells: 0 memorised, 2 levels left

rFire  . . .     SeeInvis .     a - +0 hand axe
rCold  . . .     Gourm    .     (armour unavailable)
rNeg   . . .     Faith    .     (no shield)
rPois  .         Spirit   .     (helmet restricted)
rElec  .         Dismiss  .     (no cloak)
rCorr  .         Reflect  .     (no gloves)
SustAt .         Harm     .     (no boots)
MR     .....                    (no amulet)
Stlth  +.........               (no ring)
                                (no ring)

@: lethally poisoned (-1 -> -11), not resistant to hostile enchantments, very
unstealthy
A: unfitting armour, cold-blooded, AC +5
a: no special abilities


You were on level 3 of the Dungeon.
You were not hungry.

You visited 1 branch of the dungeon, and saw 3 of its levels.

You collected 36 gold pieces.

Inventory:

Hand Weapons
 a - a +0 hand axe (weapon)
Jewellery
 g - an uncursed ring of see invisible {unknown}
Wands
 i - a wand of flame (6/48)
Scrolls
 c - 2 scrolls of amnesia {unknown}
 e - a scroll of teleportation {unknown}
 h - a scroll of enchant weapon {unknown}
Potions
 d - 2 potions of brilliance {unknown}
 f - a potion of flight {unknown}
Comestibles
 b - 2 meat rations


   Skills:
 + Level 3.8 Fighting
 + Level 3.5 Axes
 + Level 3.3 Dodging
 + Level 0.2 Stealth


You had 2 spell levels left.
You didn't know any spells.

Dungeon Overview and Level Annotations

Branches:
Dungeon (3/15)

Altars:
Gozag
Nemelex Xobeh
Pakellas
Yredelemnul


Innate Abilities, Weirdness & Mutations

Your plain brown scales are hard (AC +5).
Your body does not fit into most forms of armour.
You are cold-blooded and may be slowed by cold attacks.


Message History

You feel sick. The adder closely misses you. The adder bites you.
You hit the adder.
The adder is heavily wounded.
* * * LOW HITPOINT WARNING * * *
You feel sick. The adder bites you but does no damage.
* * * LOW HITPOINT WARNING * * *
You feel sick. The adder misses you.
* * * LOW HITPOINT WARNING * * *
You feel sick.
* * * LOW HITPOINT WARNING * * *
You feel sick.
* * * LOW HITPOINT WARNING * * *
You feel sick.
* * * LOW HITPOINT WARNING * * *
You feel sick. The adder bites you but does no damage.
* * * LOW HITPOINT WARNING * * *
You feel sick.
* * * LOW HITPOINT WARNING * * *
You feel sick. The adder bites you.
You die...

#.# #####.# #.....#
#.######### #<# ....# ###
### .(..### #.# ....... ##
.######)#########....... >.
.........@S.....'......$ .#
#.#.######.#########.......
.# #...# #.# !...... .#
##.#.######.####### .<.....
.# #.................#
.......
.###..#.###.##.##.##.#
.###### ......#.# #.##'## #
.. .##.....###.....# ..
.##..#..........#


You could see an adder.

Vanquished Creatures
  2 adders (D:2)
  A dart slug (D:1)
  A giant cockroach (D:2)
  6 goblins
  4 hobgoblins
  5 bats
  A giant newt (D:2)
  5 kobolds
  3 rats
28 creatures vanquished.

Notes
Turn   | Place    | Note
--------------------------------------------------------------
     0 | D:1      | Melfield the Draconian Berserker began the quest for the Orb.
     0 | D:1      | Reached XP level 1. HP: 19/19 MP: 1/1
   149 | D:1      | Reached XP level 2. HP: 9/26 MP: 2/2
  1414 | D:2      | Reached XP level 3. HP: 33/33 MP: 3/3
  1469 | D:2      | Reached ** piety under Trog
  1719 | D:2      | Found a sparkling altar of Nemelex Xobeh.
  1719 | D:2      | Found an oddly glowing altar of Pakellas.
  1721 | D:2      | Found an opulent altar of Gozag.
  1731 | D:2      | Found a basalt altar of Yredelemnul.
  1767 | D:2      | Fell from the grace of Trog
  2100 | D:3      | HP: 1/33 [poisoned by an adder]
  2100 | D:3      | Slain by an adder

Skill      XL: |  1  2 |
---------------+-------+-----
Dodging        | 3 |  3.3
Fighting       | |  3.8
Axes           | |  3.5
Stealth        | |  0.2

Action                   || total
-------------------------++-------
Melee: Hand axe          ||   105
       Tailslap          ||     7
Invok: Berserk           ||     1
       Renounce Religion ||     1
Evoke: Wand              ||     1
  Eat: Bread ration      ||     1
Armor: Skin              ||    47
Dodge: Dodged            ||    91
